 Dungeon Crawl Stone Soup version 0.23.2-1-ga50397a6bc (webtiles) character file.

Game seed: 16648196803665001117

513 FluffierThanThou the Skirmisher (level 7, -1/63 HPs)
             Began as a Minotaur Fighter on May 16, 2019.
             Killed by nerve-wracking pain
             ... invoked by an orc priest
              (12 damage)
             ... on level 4 of the Dungeon.
             The game lasted 00:07:37 (2821 turns).

FluffierThanThou the Skirmisher (Minotaur Fighter)  Turns: 2821, Time: 00:07:39

Health: -1/63      AC:  7    Str: 22    XL:     7   Next: 0%
Magic:  6/6        EV:  9    Int:  5    God:
Gold:   173        SH: 10    Dex: 10    Spells: 6/6 levels left

rFire    . . .     SeeInvis .   a - +0 war axe
rCold    . . .     Gourm    .   c - +0 shield
rNeg     . . .     Faith    .   b - +0 scale mail
rPois    .         Spirit   .   (helmet restricted)
rElec    .         Reflect  .   (no cloak)
rCorr    .         Harm     .   (no gloves)
MR       .....                  (no boots)
Stlth    ..........             (no amulet)
HPRegen  0.20/turn              (no ring)
MPRegen  0.10/turn              (no ring)

@: lightly drained
A: retaliatory headbutt, horns 2
a: no special abilities


You were on level 4 of the Dungeon.
You were hungry.

You visited 1 branch of the dungeon, and saw 4 of its levels.
You also visited: Sewer.

You collected 173 gold pieces.

Inventory:

Hand Weapons
 a - a +0 war axe (weapon)
Armour
 b - a +0 scale mail (worn)
 c - a +0 shield (worn)
Wands
 o - a wand of digging (4)
Scrolls
 h - 6 scrolls of identify {unknown}
 i - a scroll of amnesia {unknown}
 j - 2 scrolls of blinking {unknown}
 k - 2 scrolls of noise {unknown}
 n - 4 scrolls of enchant weapon {unknown}
Potions
 d - 2 potions of might
 e - 4 potions of curing {unknown}
 g - a potion of agility {unknown}
 l - 2 potions of lignification {unknown}
 m - a potion of magic {unknown}
 p - a potion of degeneration {unknown}
 q - 4 potions of flight {unknown}
 r - a potion of heal wounds {unknown}
Comestibles
 f - 2 rations


   Skills:
 * Level 6.2(5.9) Fighting
 + Level 4.3(4.1) Axes
 + Level 5.1(4.8) Armour
 + Level 3.0(2.8) Dodging
 + Level 5.0(4.8) Shields


You had 6 spell levels left.
You didn't know any spells.
Your spell library was empty.

Dungeon Overview and Level Annotations

Branches:
Dungeon (4/15)
 Temple: D:4-7

Altars:
Ashenzari

Annotations:
D:4 1 transporter, TheAraber's ghost, novice TeAE


Innate Abilities, Weirdness & Mutations

You reflexively headbutt those who attack you in melee.
You have a pair of horns on your head.


Message History

The orc priest invokes the aid of Beogh against you.
Pain shoots through your body!
* * * LOW HITPOINT WARNING * * *
You barely miss the orc priest. You hit the orc.
The orc hits you with a +0 flail.
* * * LOW HITPOINT WARNING * * *
The orc priest miscasts a cantrip.
You barely miss the orc priest.
You headbutt the orc priest, but do no damage.
You barely miss the orc. The orc hits you but does no damage.
The orc priest looks satisfied for a moment.
The orc wizard gestures wildly while chanting.
The orc wizard seems to speed up.
Your shield and scale mail prevent you from hitting the orc priest.
You headbutt the orc priest!
The orc priest is heavily wounded.
You hit the orc.
The orc priest calls down the wrath of Beogh upon you.
Pain shoots through your body!
You die...

#.# #####.#
#.# #.....#
#.# #.#####
#o# #.#
####.######.#
#...........#
#.##.########
##.#.#o..##
#.....@)..#
....#.#.o.##
.. #...#.##
........
..#...#.##
....#.#.## .
.... . .###.


You could see an orc priest, an orc wizard and an orc.

Vanquished Creatures
  A big kobold (Sewer)
  2 hounds (D:4)
  An orc priest (D:4)
  Ijyb (D:3)
  Terence (D:3)
  2 orc wizards
  A hound skeleton (D:3)
  4 gnolls (D:2)
  7 adders
  5 oozes
  2 worms
  2 dart slugs
  4 leopard geckos
  8 orcs
  10 bats
  3 giant cockroaches (D:3)
  12 goblins
  4 hobgoblins
  16 jackals
  11 kobolds
  2 quokkas (D:3)
  6 frilled lizards
  8 rats
  A bush (D:2)
114 creatures vanquished.

Vanquished Creatures (others)
  A goblin (D:1)
1 creature vanquished.

Grand Total: 115 creatures vanquished

Notes
Turn   | Place    | Note
-------+----------+-------------------------------------------
     0 | D:1      | FluffierThanThou the Minotaur Fighter began the quest for
                  | the Orb.
     0 | D:1      | Reached XP level 1. HP: 19/19 MP: 0/0
   236 | D:1      | Reached XP level 2. HP: 27/27 MP: 1/1
   275 | D:1      | Reached skill level 4 in Fighting
   761 | D:2      | Reached skill level 1 in Dodging
   761 | D:2      | Reached XP level 3. HP: 33/33 MP: 2/2
   821 | D:2      | Found a shattered altar of Ashenzari.
  1027 | D:2      | Reached XP level 4. HP: 35/41 MP: 3/3
  1861 | D:3      | Reached XP level 5. HP: 46/47 MP: 4/4
  1870 | D:3      | Reached skill level 5 in Fighting
  2145 | D:3      | Noticed Terence
  2157 | D:3      | Killed Terence
  2195 | D:3      | Noticed Ijyb
  2202 | D:3      | Killed Ijyb
  2208 | D:3      | Reached XP level 6. HP: 38/56 MP: 5/5
  2513 | D:4      | Found a transporter.
  2514 | D:4      | Noticed TheAraber's ghost (novice TeAE)
  2552 | D:4      | Found a glowing drain.
  2563 | Sewer    | Entered a sewer
  2646 | Sewer    | Found a glowing silver altar of Zin.
  2759 | D:4      | Reached skill level 6 in Fighting
  2759 | D:4      | Reached skill level 5 in Shields
  2759 | D:4      | Reached skill level 5 in Armour
  2818 | D:4      | Reached XP level 7. HP: 23/63 MP: 6/6
  2821 | D:4      | Killed from afar by an orc priest

Skill      XL: |  1  2  3  4  5  6 |
---------------+-------------------+-----
Fighting       | 4 5 6 |  6.2
Armour         | 4 5 |  5.1
Dodging        | 1 2 3 |  3.0
Axes           | 3 4 |  4.3
Shields        | 4 5 |  5.0

Action                   |  1- 3 |  4- 6 |  7- 9 || total
-------------------------+-------+-------+-------++-------
Melee: War axe           |    96 |   220 |     3 ||   319
       Headbutt          |     8 |    49 |     2 ||    59
  Eat: Chunk             |       |     6 |       ||     6
Armor: Scale mail        |    48 |    67 |     1 ||   116
Dodge: Dodged            |    30 |    67 |       ||    97
Block: Shield            |    49 |   104 |     2 ||   155
